 Dungeon Crawl Stone Soup version 0.31.0-12-g77e489cdc1 (webtiles) character file.

Game seed: 8764152729564051050

35 jagang the Shield-Bearer (level 3, -2/35 HPs)
             Began as a Gnoll Fighter on Feb 15, 2024.
             Slain by a gnoll
             ... wielding a +0 spear
              (4 damage)
             ... on level 2 of the Dungeon.
             The game lasted 00:02:24 (1405 turns).

jagang the Shield-Bearer (Gnoll Fighter)            Turns: 1405, Time: 00:02:25

Health: -2/35      AC:  9    Str: 15    XL:     3   Next: 33%
Magic:  4/4        EV:  9    Int:  7    God:
Gold:   135        SH:  5    Dex: 13    Spells: 3/3 levels left

rFire   . . .        a - +0 long sword
rCold   + . .        c - +0 buckler
rNeg    . . .        b - +0 scale mail
rPois   .            (no helmet)
rElec   .            (no cloak)
rCorr   .            o - +0 pair of gloves
SInv    .            (no boots)
Will    .....        v - amulet of the acrobat Stlth
                     p - ring of protection from cold
HPRegen 0.25/turn    (no ring)
MPRegen 0.09/turn

%: acrobat
@: no status effects
A: fangs 1, strong nose, distributed training
a: no special abilities


You were on level 2 of the Dungeon.
You visited 1 branch of the dungeon, and saw 2 of its levels.

You collected 135 gold pieces.

Inventory:

Hand Weapons
 a - a +0 long sword (weapon)
Missiles
 f - 2 javelins (quivered)
 q - 3 boomerangs
Armour
 b - a +0 scale mail (worn)
 c - a +0 buckler (worn)
 o - a +0 pair of gloves (worn)
Jewellery
 p - a ring of protection from cold (left hand)
 v - an amulet of the acrobat (around neck)
Talismans
 g - a storm talisman
 t - a dragon-blood talisman
Scrolls
 e - a scroll of amnesia {unknown}
 h - a scroll of revelation {unknown}
 i - 2 scrolls of teleportation {unknown}
 j - a scroll of vulnerability {unknown}
 m - 2 scrolls of identify {unknown}
 n - 2 scrolls of butterflies {unknown}
 u - a scroll of silence {unknown}
Potions
 d - a potion of might
 k - a potion of attraction {unknown}
 l - 2 potions of berserk rage {unknown}
 r - 2 potions of enlightenment {unknown}
 s - a potion of curing {unknown}


   Skills:
 + Level 6.5 Fighting
 + Level 0.8 Short Blades
 + Level 4.5 Long Blades
 + Level 0.8 Axes
 + Level 0.8 Maces & Flails
 + Level 0.8 Polearms
 + Level 0.8 Staves
 + Level 0.8 Ranged Weapons
 + Level 0.8 Throwing
 + Level 6.5 Armour
 + Level 0.8 Dodging
 + Level 0.8 Stealth
 + Level 6.5 Shields
 + Level 0.8 Unarmed Combat
 + Level 0.8 Spellcasting
 + Level 0.5 Conjurations
 + Level 0.5 Hexes
 + Level 0.5 Summonings
 + Level 0.5 Necromancy
 + Level 0.5 Translocations
 + Level 0.5 Fire Magic
 + Level 0.5 Ice Magic
 + Level 0.5 Air Magic
 + Level 0.5 Earth Magic
 + Level 0.5 Alchemy
 + Level 1.0 Invocations
 + Level 0.8 Evocations
 + Level 0.7 Shapeshifting


You had 3 spell levels left.
You didn't know any spells.
Your spell library contained the following spells:

 Spells                   Type           Power      Damage    Failure   Level
 Ensorcelled Hibernation  Hex/Ice        2%         N/A       92%         2
 Passwall                 Erth           1%         N/A       99%         3
 Swiftness                Air            1%         N/A       99%         3


Dungeon Overview and Level Annotations

Branches:
Dungeon (2/15)

Altars:

Annotations:
D:2 Sigmund


Innate Abilities, Weirdness & Mutations

You have very sharp teeth.
Your uncanny sense of smell can sniff out nearby items.
Your experience applies equally to all skills.


Message History

You are too injured to fight recklessly!
Unknown command.
You block the frilled lizard's attack. You block Sigmund's attack.
The frilled lizard attacks as it pursues you!
The frilled lizard barely misses you.
The endoplasm jiggles.
The frilled lizard attacks as it pursues you!
The frilled lizard misses you.
You slash the frilled lizard!
You kill the frilled lizard!
Sigmund hits you from afar with a +0 scythe!
* * * LOW HITPOINT WARNING * * *
The gnoll hits you but does no damage.
Unknown command.
Sigmund completely misses you. You block the gnoll's attack.
You hit the gnoll. Your bite misses the gnoll.
The gnoll is lightly wounded.
Sigmund casts a spell.
Sigmund flickers and vanishes!
Deactivating autopickup; reactivate with Ctrl-A.
The gnoll barely misses you.
You barely miss the gnoll.
The gnoll is lightly wounded.
Something hits you but does no damage. The gnoll hits you with a +0 spear.
* * * LOW HITPOINT WARNING * * *
Unknown command.
Sorry, you're not good enough to have a special ability.
Throw: 3 javelins
Press: ? - help, Q - select action, (/) - cycle Shift-Dir - straight line, f - gnoll
Aim: a gnoll, wielding a +0 spear (lightly wounded, 61% to hit)
You throw a javelin. The javelin pierces through the gnoll.
The gnoll is moderately wounded.
The javelin pierces through the endoplasm.
The endoplasm is severely wounded.
The gnoll hits you with a +0 spear.
* * * LOW HITPOINT WARNING * * *
Something hits you.
* * * LOW HITPOINT WARNING * * *
The gnoll hits you with a +0 spear.
You die...

#............. ###
###.....(....... ...
............[... ###
#######.............
#..%..##.<.........
#.....# #...Jg.#
#####.....# ####{g##
....#.....# #g## #####
%.#.....#.# ##@# #...#
.....#....#####..# #...#
..#.....#....##.######...#
#...#.)...##)............#
##.############.#####....#
##.## #.# ##)..# ....#
###.# #...## .##.# #...#
##....# ###.## ####.###
###...#.####


You could see 3 gnolls and an endoplasm.

Vanquished Creatures
  A ribbon worm (D:2)
  2 ball pythons (D:1)
  3 bats
  3 endoplasms
  2 giant cockroaches
  3 goblins (D:2)
  2 hobgoblins (D:1)
  4 jackals (D:1)
  A quokka (D:1)
  A frilled lizard (D:2)
  2 kobolds
  5 rats (D:1)
29 creatures vanquished.

Notes
Turn   | Place    | Note
-------+----------+-------------------------------------------
     0 | D:1      | jagang the Gnoll Fighter began the quest for the Orb.
     0 | D:1      | Reached XP level 1. HP: 23/23 MP: 1/1
    77 | D:1      | Reached XP level 2. HP: 26/29 MP: 2/2
   439 | D:1      | Found a faded altar of an unknown god.
   765 | D:2      | Reached XP level 3. HP: 35/35 MP: 3/3
  1047 | D:2      | Reached skill level 1 in Invocations
  1392 | D:2      | Noticed Sigmund
  1405 | D:2      | Slain by a gnoll

Illustrated notes

Levels and vault maps discovered:
D:1:      dpeg_arrival_fog, layout_loops_ring, basic_ecumenical_altar
D:2:      layout_rooms, minmay_misc_feat_five, chequers_big_river, uniq_sigmund

Skill      XL: |  1  2  3 |
---------------+----------+-----
Invocations    | 1 |  1.0
Fighting       | |  6.5
Short Blades   | |  0.8
Long Blades    | |  4.5
Axes           | |  0.8
Maces & Flails | |  0.8
Polearms       | |  0.8
Staves         | |  0.8
Ranged Weapons | |  0.8
Throwing       | |  0.8
Armour         | |  6.5
Dodging        | |  0.8
Stealth        | |  0.8
Shields        | |  6.5
Unarmed Combat | |  0.8
Spellcasting   | |  0.8
Conjurations   | |  0.5
Hexes          | |  0.5
Summonings     | |  0.5
Necromancy     | |  0.5
Translocations | |  0.5
Fire Magic     | |  0.5
Ice Magic      | |  0.5
Air Magic      | |  0.5
Earth Magic    | |  0.5
Alchemy        | |  0.5
Evocations     | |  0.8
Shapeshifting  | |  0.7

Action                     || total
---------------------------++-------
  Melee: Long sword        ||   106
         Bite              ||    13
  Throw: Javelin           ||     1
 Armour: Scale mail        ||    70
  Dodge: Dodged            ||    43
  Block: Buckler           ||    27
         Form:             ||     1
         Dragon            ||     1
